BSA
GREENVILLE 84S @ FRESNO DEPLORABLES
05/07/2026
 
TOP OF THE 1ST
Greenville 84s batting - Pitching for Portland Cards : RHP Yong-hoon Park
Pitching: RHP Yong-hoon Park
Batting: RHB Carlos Torres 0-0: Swinging Strike
0-1: Swinging Strike
0-2: Strikes out swinging
Batting: LHB Chris Moore 0-0: Called Strike
0-1: Foul Ball, location: 2F
0-2: Strikes out swinging
Batting: RHB Jorge Cisneros 0-0: Called Strike
0-1: Ball
1-1: Foul Ball, location: 2F
1-2: Ball
2-2: Fly out, F7 (Flyball, 78S)
Top of the 1st over - 0 run(s), 0 hit(s), 0 error(s), 0 left on base; Greenville 0 - Portland 0
BOTTOM OF THE 1ST
Portland Cards batting - Pitching for Greenville 84s : LHP Darrell Harding
Pitching: LHP Darrell Harding
Batting: LHB John Cotton 0-0: Ball
1-0: Ball
2-0: Ball
3-0: Base on Balls
Batting: RHB Aaron Scott 0-0: Called Strike
John Cotton steals 2nd base
0-1: Swinging Strike
0-2: Strikes out looking
Batting: LHB Jeff Daniels 0-0: Ball
1-0: Swinging Strike
1-1: Ball
2-1: Foul Ball, location: 2F
2-2: Ball
3-2: Strikes out looking
Batting: LHB Donovan Bird 0-0: Called Strike
0-1: Ball
1-1: Foul Ball, location: 2F
1-2: Ball
2-2: Strikes out looking
Bottom of the 1st over - 0 run(s), 0 hit(s), 0 error(s), 1 left on base; Greenville 0 - Portland 0
TOP OF THE 2ND
Greenville 84s batting - Pitching for Portland Cards : RHP Yong-hoon Park
Batting: LHB Jimmy Vickers 0-0: Called Strike
0-1: Ball
1-1: Ball
2-1: Called Strike
2-2: DOUBLE (Groundball, 5L)
Batting: LHB Paco Rosas 0-0: Ball
1-0: Foul Ball, location: 2F
1-1: Foul Ball, location: 2F
1-2: Ball
2-2: Ball
3-2: DOUBLE (Line Drive, 9LD)
Jimmy Vickers scores
Batting: LHB Kiyonaga Morita 0-0: Foul Ball, location: 2F
0-1: Ground out 6-3 (Groundball, 6M)
Paco Rosas to third
Batting: LHB José Costa 0-0: SINGLE (Groundball, 34D)
Paco Rosas scores
Batting: RHB Vic Langlois 0-0: Called Strike
0-1: Ball
1-1: Ball
José Costa steals 2nd base
2-1: Foul Ball, location: 2F
2-2: 2-RUN HOME RUN (Flyball, 8LXD), Distance : 379 ft
Batting: RHB Sugita Ito 0-0: SINGLE (Groundball, 4)
Batting: RHB Carlos Torres 0-0: Ball
1-0: Ball
2-0: Called Strike
2-1: Fly out, F8 (Flyball, 8LM)
Batting: LHB Chris Moore 0-0: Called Strike
0-1: Foul Ball, location: 2F
0-2: Fly out, F7 (Flyball, 78M)
Top of the 2nd over - 4 run(s), 5 hit(s), 0 error(s), 1 left on base; Greenville 4 - Portland 0
BOTTOM OF THE 2ND
Portland Cards batting - Pitching for Greenville 84s : LHP Darrell Harding
Batting: LHB Paul Mullins 0-0: Called Strike
0-1: SINGLE (Groundball, 5D)
Batting: LHB Tom Blake 0-0: Ball
1-0: Ball
2-0: Ball
3-0: Swinging Strike
3-1: Called Strike
3-2: Fly out, F6 (Popup, 6D)
Batting: RHB Germán Rosales 0-0: Called Strike
0-1: Ball
1-1: Ball
2-1: Ball
3-1: Base on Balls
Paul Mullins to second
Batting: LHB Keith Beard 0-0: Ball
1-0: Swinging Strike
1-1: Ball
2-1: Ball
3-1: Base on Balls
Paul Mullins to third
Germán Rosales to second
Batting: RHB Dani Vázquez 0-0: Foul Ball, location: 2F
0-1: Ground out U3 (Groundball, 3S)
Paul Mullins scores
Germán Rosales to third
Keith Beard to second
Batting: LHB John Cotton 0-0: Fly out, F7 (Flyball, 7LS)
Bottom of the 2nd over - 1 run(s), 1 hit(s), 0 error(s), 2 left on base; Greenville 4 - Portland 1
TOP OF THE 3RD
Greenville 84s batting - Pitching for Portland Cards : RHP Yong-hoon Park
Batting: RHB Jorge Cisneros 0-0: SINGLE (Line Drive, 56)
Batting: LHB Jimmy Vickers 0-0: Ball
1-0: 2-RUN HOME RUN (Flyball, 7LD), Distance : 341 ft
Batting: LHB Paco Rosas 0-0: Ball
1-0: Ball
2-0: Ball
3-0: Base on Balls
Batting: LHB Kiyonaga Morita 0-0: Ball
1-0: Foul Ball, location: 2F
1-1: Ball
2-1: Foul Ball, location: 2F
2-2: Strikes out swinging
Batting: LHB José Costa 0-0: Foul Ball, location: 2F
0-1: Called Strike
0-2: Strikes out looking
Batting: RHB Vic Langlois 0-0: Called Strike
0-1: Ground out 1-3 (Groundball, 13S)
Top of the 3rd over - 2 run(s), 2 hit(s), 0 error(s), 1 left on base; Greenville 6 - Portland 1
BOTTOM OF THE 3RD
Portland Cards batting - Pitching for Greenville 84s : LHP Darrell Harding
Batting: RHB Aaron Scott 0-0: Foul Ball, location: 2F
0-1: Swinging Strike
0-2: Ball
1-2: Foul Ball, location: 2F
1-2: Ball
2-2: SINGLE (Groundball, 34)
Batting: LHB Jeff Daniels 0-0: Foul Ball, location: 2F
0-1: Ball
1-1: Ball
2-1: Called Strike
2-2: Foul Ball, location: 2F
2-2: Foul Ball, location: 2F
2-2: Ball
3-2: DOUBLE (Line Drive, 9LM)
Aaron Scott to third
Batting: LHB Donovan Bird 0-0: Ball
1-0: Called Strike
1-1: Swinging Strike
1-2: Ball
2-2: Fly out, F7 (Flyball, 78S)
Batting: LHB Paul Mullins 0-0: Called Strike
0-1: Swinging Strike
0-2: Ball
1-2: Foul Ball, location: 2F
1-2: Ball
2-2: Foul Ball, location: 2F
2-2: Strikes out swinging
Batting: LHB Tom Blake 0-0: Called Strike
0-1: Swinging Strike
0-2: Strikes out looking
Bottom of the 3rd over - 0 run(s), 2 hit(s), 0 error(s), 2 left on base; Greenville 6 - Portland 1
TOP OF THE 4TH
Greenville 84s batting - Pitching for Portland Cards : RHP Yong-hoon Park
Batting: RHB Sugita Ito 0-0: Ball
1-0: Ground out 1-3 (Groundball, 34S)
Batting: RHB Carlos Torres 0-0: Ball
1-0: Called Strike
1-1: Foul Ball, location: 2F
1-2: Ball
2-2: Ball
3-2: Foul Ball, location: 2F
3-2: Fly out, F9 (Flyball, 89S)
Batting: LHB Chris Moore 0-0: Ball
1-0: Foul Ball, location: 2F
1-1: Called Strike
1-2: Strikes out swinging
Top of the 4th over - 0 run(s), 0 hit(s), 0 error(s), 0 left on base; Greenville 6 - Portland 1
BOTTOM OF THE 4TH
Portland Cards batting - Pitching for Greenville 84s : LHP Darrell Harding
Batting: RHB Germán Rosales 0-0: Called Strike
0-1: Called Strike
0-2: Fly out, F8 (Flyball, 8LM)
Batting: LHB Keith Beard 0-0: Ball
1-0: Foul Ball, location: 2F
1-1: Called Strike
1-2: Ball
2-2: Ball
3-2: Foul Ball, location: 2F
3-2: Base on Balls
Batting: RHB Dani Vázquez 0-0: Ball
1-0: Foul Ball, location: 2F
1-1: SINGLE (Line Drive, 56)
Keith Beard to second
Batting: LHB John Cotton 0-0: Ball
1-0: Ball
2-0: Ball
3-0: Base on Balls
Keith Beard to third
Dani Vázquez to second
Pitching: LHP Manuel Herrera
Batting: RHB Aaron Scott 0-0: Ball
1-0: Grounds into double play, 4-6-3 (Groundball, 4)
Bottom of the 4th over - 0 run(s), 1 hit(s), 0 error(s), 2 left on base; Greenville 6 - Portland 1
TOP OF THE 5TH
Greenville 84s batting - Pitching for Portland Cards : RHP Yong-hoon Park
Batting: RHB Jorge Cisneros 0-0: Called Strike
0-1: Ball
1-1: Ball
2-1: Ball
3-1: Fly out, F8 (Line Drive, 8LS)
Batting: LHB Jimmy Vickers 0-0: Ball
1-0: Foul Ball, location: 2F
1-1: Called Strike
1-2: Foul Ball, location: 2F
1-2: Ball
2-2: Strikes out swinging
Batting: LHB Paco Rosas 0-0: Foul Ball, location: 2F
0-1: Ball
1-1: Foul Ball, location: 2F
1-2: Ball
2-2: Foul Ball, location: 2F
2-2: Ball
3-2: Ground out 4-3 (Groundball, 4)
Top of the 5th over - 0 run(s), 0 hit(s), 0 error(s), 0 left on base; Greenville 6 - Portland 1
BOTTOM OF THE 5TH
Portland Cards batting - Pitching for Greenville 84s : LHP Manuel Herrera
Batting: LHB Jeff Daniels 0-0: Called Strike
0-1: Ball
1-1: Ball
2-1: Swinging Strike
2-2: Ball
3-2: Ground out 4-3 (Groundball, 34)
Batting: LHB Donovan Bird 0-0: Foul Ball, location: 2F
0-1: Fly out, F6 (Flyball, 7LSF)
Batting: LHB Paul Mullins 0-0: Called Strike
0-1: Ball
1-1: SINGLE (Groundball, 34D)
Batting: LHB Tom Blake 0-0: Called Strike
0-1: Fly out, F5 (Popup, 4M)
Bottom of the 5th over - 0 run(s), 1 hit(s), 0 error(s), 1 left on base; Greenville 6 - Portland 1
TOP OF THE 6TH
Greenville 84s batting - Pitching for Portland Cards : RHP Yong-hoon Park
Pitching: LHP Valentín Reséndez
Batting: LHB Kiyonaga Morita 0-0: Called Strike
0-1: Ball
1-1: Ball
2-1: Foul Ball, location: 2F
2-2: Strikes out swinging
Batting: LHB José Costa 0-0: Ball
1-0: Ball
2-0: Called Strike
2-1: Swinging Strike
2-2: Strikes out swinging
Batting: RHB Vic Langlois 0-0: Ball
1-0: Called Strike
1-1: Ground out 6-3 (Groundball, 6)
Top of the 6th over - 0 run(s), 0 hit(s), 0 error(s), 0 left on base; Greenville 6 - Portland 1
BOTTOM OF THE 6TH
Portland Cards batting - Pitching for Greenville 84s : LHP Manuel Herrera
Batting: RHB Germán Rosales 0-0: Swinging Strike
0-1: Ground out 6-3 (Groundball, 6)
Batting: LHB Keith Beard 0-0: Foul Ball, location: 2F
0-1: Ball
1-1: Ball
2-1: Foul Ball, location: 2F
2-2: Ball
3-2: Base on Balls
Batting: RHB Dani Vázquez 0-0: Called Strike
0-1: Ball
1-1: Ball
2-1: Ball
3-1: Called Strike
3-2: Base on Balls
Keith Beard to second
Batting: LHB John Cotton 0-0: Ball
1-0: Fly out, F7 (Flyball, 7D)
Runner from 2nd tags up, SAFE at 3rd, no throw
Batting: RHB Aaron Scott 0-0: Ball
1-0: Foul Ball, location: 2F
1-1: Foul Ball, location: 2F
1-2: Foul Ball, location: 2F
1-2: Ground out 5-3 (Groundball, 56S)
Bottom of the 6th over - 0 run(s), 0 hit(s), 0 error(s), 2 left on base; Greenville 6 - Portland 1
TOP OF THE 7TH
Greenville 84s batting - Pitching for Portland Cards : LHP Valentín Reséndez
Batting: RHB Sugita Ito 0-0: Foul Ball, location: 2F
0-1: Foul Ball, location: 2F
0-2: Ball
1-2: SINGLE (Groundball, 25) (infield hit)
Batting: RHB Carlos Torres 0-0: Called Strike
0-1: Ball
1-1: Called Strike
1-2: Fly out, F9 (Flyball, 9M)
Batting: LHB Chris Moore 0-0: Swinging Strike
0-1: Foul Ball, location: 2F
0-2: Ball
1-2: Ball
2-2: Grounds into double play, 4-6-3 (Groundball, 34)
Top of the 7th over - 0 run(s), 1 hit(s), 0 error(s), 0 left on base; Greenville 6 - Portland 1
BOTTOM OF THE 7TH
Portland Cards batting - Pitching for Greenville 84s : LHP Manuel Herrera
Pitching: RHP Pierre Deschęnes
Batting: LHB Jeff Daniels 0-0: Ball
1-0: Ball
2-0: Called Strike
2-1: Swinging Strike
2-2: Strikes out swinging
Batting: LHB Donovan Bird 0-0: Ball
1-0: Called Strike
1-1: Ball
2-1: Foul Ball, location: 2F
2-2: Ball
3-2: Strikes out swinging
Batting: LHB Paul Mullins 0-0: Called Strike
0-1: Called Strike
0-2: Foul Ball, location: 2F
0-2: Ball
1-2: Ball
2-2: Foul Ball, location: 2F
2-2: SINGLE (Line Drive, 9S)
Batting: LHB Tom Blake 0-0: Called Strike
0-1: Ball
1-1: Ball
2-1: Called Strike
2-2: Ball
3-2: Strikes out swinging
Bottom of the 7th over - 0 run(s), 1 hit(s), 0 error(s), 1 left on base; Greenville 6 - Portland 1
TOP OF THE 8TH
Greenville 84s batting - Pitching for Portland Cards : LHP Valentín Reséndez
Pitching: LHP Juan Ortíz
Batting: RHB Jorge Cisneros 0-0: Called Strike
0-1: Called Strike
0-2: Strikes out swinging
Batting: LHB Jimmy Vickers 0-0: Ball
1-0: Ball
2-0: SOLO HOME RUN (Flyball, 78XD), Distance : 383 ft
Batting: LHB Paco Rosas 0-0: Swinging Strike
0-1: Ground out 4-3 (Groundball, 4M)
Batting: LHB Kiyonaga Morita 0-0: Ball
1-0: Swinging Strike
1-1: Ball
2-1: Ball
3-1: Swinging Strike
3-2: Strikes out swinging
Top of the 8th over - 1 run(s), 1 hit(s), 0 error(s), 0 left on base; Greenville 7 - Portland 1
BOTTOM OF THE 8TH
Portland Cards batting - Pitching for Greenville 84s : RHP Pierre Deschęnes
Pitching: LHP Francisco Ríos
Batting: RHB Germán Rosales 0-0: Swinging Strike
0-1: Called Strike
0-2: Ball
1-2: Foul Ball, location: 2F
1-2: Foul Ball, location: 2F
1-2: Foul Ball, location: 2F
1-2: Ball
2-2: Foul Ball, location: 2F
2-2: Strikes out swinging
Batting: LHB Keith Beard 0-0: Foul Ball, location: 2F
0-1: Hit by Pitch
Batting: RHB Dani Vázquez 0-0: Foul Ball, location: 2F
0-1: DOUBLE (Line Drive, 7LS)
Keith Beard to third
Batting: LHB John Cotton 0-0: Ball
1-0: SINGLE (Line Drive, 5D)
Keith Beard scores
Dani Vázquez to third
Batting: RHB Aaron Scott 0-0: Ball
1-0: Foul Ball, location: 2F
1-1: Ball
2-1: Foul Ball, location: 2F
2-2: Ball
3-2: SINGLE (Groundball, 56D)
Dani Vázquez scores
John Cotton to second
Batting: LHB Jeff Daniels 0-0: Ball
1-0: Ball
2-0: Called Strike
2-1: Foul Ball, location: 2F
2-2: Grounds into double play, 4-6-3 (Groundball, 4)
Bottom of the 8th over - 2 run(s), 3 hit(s), 0 error(s), 1 left on base; Greenville 7 - Portland 3
TOP OF THE 9TH
Greenville 84s batting - Pitching for Portland Cards : LHP Juan Ortíz
Batting: LHB José Costa 0-0: Ball
1-0: Called Strike
1-1: Ball
2-1: Foul Ball, location: 2F
2-2: Ball
3-2: Strikes out swinging
Batting: RHB Vic Langlois 0-0: Ball
1-0: Swinging Strike
1-1: Called Strike
1-2: Strikes out swinging
Batting: RHB Sugita Ito 0-0: Ground out 5-3 (Groundball, 5)
Top of the 9th over - 0 run(s), 0 hit(s), 0 error(s), 0 left on base; Greenville 7 - Portland 3
BOTTOM OF THE 9TH
Portland Cards batting - Pitching for Greenville 84s : LHP Francisco Ríos
Batting: LHB Donovan Bird 0-0: Ball
1-0: Ball
2-0: Foul Ball, location: 2F
2-1: Fly out, F8 (Line Drive, 8LM)
Batting: LHB Paul Mullins 0-0: Ball
1-0: Ball
2-0: Fly out, F9 (Flyball, 9M)
Batting: LHB Tom Blake 0-0: Called Strike
0-1: Called Strike
0-2: Foul Ball, location: 2F
0-2: Ball
1-2: Fly out, F8 (Flyball, 8LS)
Bottom of the 9th over - 0 run(s), 0 hit(s), 0 error(s), 0 left on base; Greenville 7 - Portland 3
Monday, December 5th, 2016 - OOTP Baseball 17.12 Build 75